AoeStats
← Torment4h

MegaRandom

506272194Analyzed
1v1 RM · 19d ago on Sep 13, 2026· 40m 25s· 2 players
Game mode
Random Map
Map size
Tiny (2 player)
Population
200
Speed
Normal
Resources
Standard
Victory
Conquest
Starting age
Dark Age
Ending age
Imperial Age
RankedLock teamsTeams togetherTeam positionsShared explorationLock speedFull tech treeHidden civsTurbo modeCheats
Victory
Defeat
🇨🇴 Byzantines · Colombia
916
+15
🇲🇽 Slavs · Mexico
904
-39
Torment4h
0:42 Loom
4:56 Loom
11:13 Feudal Age
16:31 Double-Bit Axe
16:29 Horse Collar
21:56 Castle Age
20:54 Gold Mining
22:02 Elite Skirmisher
23:43 Padded Archer Armor
23:51 Scale Barding Armor
23:57 Forging
27:18 Bow Saw
27:19 Husbandry
27:29 Bloodlines
26:40 Light Cavalry
28:38 Heavy Plow
34:11 Wheelbarrow
angelus millet
1:31 Loom
11:31 Feudal Age
12:43 Double-Bit Axe
16:28 Wheelbarrow
17:50 Arson
23:02 Castle Age
22:27 Padded Archer Armor
22:37 Fletching
23:03 Stone Mining
23:28 Scale Mail Armor
26:07 Gold Mining
26:17 Elite Skirmisher
27:29 Crossbowman
32:51 Imperial Age
30:37 Pikeman
32:39 Forging
36:57 Chemistry
36:17 Ballistics
Connection lost

Rejoining the realm…

Still unreachable

The connection could not be restored.

Session expired

The server has moved on; the page needs a fresh start.